 Dungeon Crawl Stone Soup version 0.29.1-12-g30fa7ad0bf (webtiles) character file.

Game seed: 14604557219788168262

134 ThatPearl the Caller (level 5, -4/31 HPs)
             Began as a Tengu Summoner on Jan 8, 2023.
             Slain by a gnoll
             ... wielding a +2 flail of holy wrath
              (13 damage)
             ... on level 2 of the Dungeon.
             The game lasted 00:08:31 (4812 turns).

ThatPearl the Caller (Tengu Summoner)               Turns: 4812, Time: 00:08:32

Health: -4/31      AC:  3    Str:  9    XL:     5   Next: 17%
Magic:  10/10      EV: 14    Int: 17    God:
Gold:   124        SH:  0    Dex: 14    Spells: 6/10 levels left

rFire   + . .      SeeInvis .   m - +0 spear
rCold   + . .      Faith    .   (no shield)
rNeg    . . .      Spirit   .   a - +0 robe
rPois   .          Reflect  .   (helmet restricted)
rElec   .          Harm     .   (no cloak)
rCorr   .          Rampage  .   r - +0 pair of gloves
Will    .....                   (boots unavailable)
Stlth   ++........              (no amulet)
HPRegen 0.10/turn               v - ring of protection from fire
MPRegen 0.12/turn               x - ring of protection from cold

@: flying quickly and evasively, quick
A: beak, talons 3, nimble flight
a: no special abilities


You were on level 2 of the Dungeon.
You visited 1 branch of the dungeon, and saw 3 of its levels.

You collected 124 gold pieces.

Inventory:

Hand Weapons
 f - a +0 dagger
 l - a +0 short sword
 m - a +0 spear (weapon)
 s - a +0 sling
Missiles
 q - 5 poisoned darts
 t - 8 stones
Armour
 a - a +0 robe (worn)
 r - a +0 pair of gloves (worn)
Jewellery
 v - a ring of protection from fire (left hand)
 x - a ring of protection from cold (right hand)
Scrolls
 g - 4 scrolls of identify {unknown}
 h - 2 scrolls of enchant armour {unknown}
 j - 2 scrolls of vulnerability {unknown}
 n - a scroll of blinking {unknown}
 o - 4 scrolls of poison {unknown}
 p - 3 scrolls of immolation {unknown}
 w - a scroll of fear {unknown}
Potions
 b - a potion of magic
 c - a potion of flight {unknown}
 d - a potion of lignification
 e - 4 potions of curing {unknown}
 i - a potion of attraction {unknown}
 k - 2 potions of cancellation {unknown}
 u - a potion of degeneration {unknown}


   Skills:
 + Level 2.4 Fighting
 - Level 2.1 Dodging
 - Level 2.0 Stealth
 + Level 3.1 Spellcasting
 + Level 5.9 Summonings


You had 6 spell levels left.
You knew the following spells:

 Your Spells              Type           Power      Damage    Failure   Level
a - Summon Small Mammal   Summ           88%        N/A       1%          1
c - Call Canine Familiar  Summ           22%        N/A       4%          3

Your spell library contained the following spells:

 Spells                   Type           Power      Damage    Failure   Level
 Call Imp                 Summ           22%        N/A       2%          2
 Summon Guardian Golem    Hex/Summ       12%        N/A       16%         3
 Summon Lightning Spire   Summ/Air       12%        N/A       45%         4
 Orb of Destruction       Conj           1%         9d5       100%        7
 Spellforged Servitor     Conj/Summ      6%         N/A       100%        7


Dungeon Overview and Level Annotations

Branches:
Dungeon (3/15)

Altars:

Shops:
D:1 *   D:3 (

Annotations:
D:3 Ijyb


Innate Abilities, Weirdness & Mutations

You have a beak for a mouth.
You have claws for feet.
Your magical nature lets you fly swiftly and evasively.


Message History

You start resting.
HP restored.
k - 2 viscous pink potions (gained 1)
You see here a +0 whip.
t - 7 stones (gained 6)
You see here 5 boomerangs.
You see here a +0 dagger.
t - 8 stones (gained 1)
You see here a +0 club.
Done exploring.
(D) Dungeon
Where to? (Enter - D:2 @ (x,y), ? - help)
You see here a +0 dagger.
You see here a +0 whip.
There is a stone staircase leading down here.
You fly downwards.
Level annotation: Ijyb The giant cockroach misses you.
The gnoll hits you with a +2 flail of holy wrath!
The hobgoblin misses you. The gnoll barely misses you.
The giant cockroach barely misses you.
There is a stone staircase leading up, spattered with blood here.
The gnoll completely misses you. The gnoll barely misses you.
The hobgoblin hits you but does no damage.
The gnoll misses you. The giant cockroach bites you.
You fly upwards.
There is a stone staircase leading down here.
You closely miss the giant cockroach. Your kick misses the giant cockroach.
The gnoll barely misses you. x2
The hobgoblin hits you but does no damage.
The giant cockroach misses you.
You completely miss the giant cockroach.
The giant cockroach barely misses you. The gnoll misses you.
The hobgoblin barely misses you.
The gnoll hits you with a +2 flail of holy wrath!
The giant cockroach bites you. The hobgoblin hits you.
* * * LOW HITPOINT WARNING * * *
The gnoll closely misses you.
The gnoll hits you with a +2 flail of holy wrath!
You die...

.....############ #.# #.#
.....'..........# #.# #.#
.....##########.# #.# #.####
.....# ####.# #.# #.#... .....#
#....# #.# ##.#.#. ########
#.#########.####...... .......#
#.#...................
.......#####.##g######.#.........
.......'.......g@g)....#...#.....
.......#########B#######...#.....
.......# #.# #..##.#... .......#
#######.#######..#..#... ########
#................#..#.(#
#.#####.########.#..#.)# #[# #.#
#.#..#... #.# #.# #.##.##.. # #.#
#.# #[.#..###


You could see 2 gnolls, a giant cockroach and a hobgoblin.

Vanquished Creatures
  A gnoll (D:3)
  3 adders
  2 worms (D:2)
  4 ball pythons
  3 endoplasms
  2 giant cockroaches
  3 goblins
  A hobgoblin (D:1)
  3 kobolds (D:2)
  6 quokkas
  2 frilled lizards (D:3)
  7 rats
37 creatures vanquished.

Vanquished Creatures (collateral kills)
  2 gnolls
  3 adders
  A ball python (D:2)
  A goblin (D:1)
  A hobgoblin (D:2)
  A frilled lizard (D:1)
  2 kobolds
11 creatures vanquished.

Grand Total: 48 creatures vanquished

Notes
Turn   | Place    | Note
-------+----------+-------------------------------------------
     0 | D:1      | ThatPearl the Tengu Summoner began the quest for the Orb.
     0 | D:1      | Reached XP level 1. HP: 10/10 MP: 4/4
    82 | D:1      | Found Asoexan's Assorted Antiques.
   646 | D:1      | Reached skill level 5 in Summonings
   660 | D:1      | Reached XP level 2. HP: 3/16 MP: 3/6
  1353 | D:1      | Reached skill level 1 in Fighting
  1839 | D:2      | Found a faded altar of an unknown god.
  1860 | D:2      | Reached XP level 3. HP: 20/20 MP: 7/7
  2395 | D:2      | Reached XP level 4. HP: 5/26 MP: 6/9
  2423 | D:2      | Learned a level 3 spell: Call Canine Familiar
  4478 | D:3      | Found Giymy's Weapon Shoppe.
  4480 | D:3      | Noticed Ijyb
  4512 | D:3      | Gained mutation: Your magical nature lets you fly swiftly
                  | and evasively. [Tengu growth]
  4512 | D:3      | Reached XP level 5. HP: 16/31 MP: 6/10
  4812 | D:2      | Slain by a gnoll

Illustrated notes

Levels and vault maps discovered:
D:1:      saegor_arrival_simple_d, layout_loops_ring, serial_shops,
          nicolae_shop_statue_plus
D:2:      layout_basic, chequers_ecumenical_altar_island, serial_glass,
          glass_columns_a, glass_columns_a, minmay_randomly_rotated_circles
D:3:      layout_rooms, serial_shops, shop, uniq_ijyb

Skill      XL: |  1  2  3  4 |
---------------+-------------+-----
Summonings     | 5 |  5.9
Fighting       | 1 2 |  2.4
Spellcasting   | 3 |  3.1
Dodging        | |  2.1
Stealth        | |  2.0

Action                   |  1- 3 |  4- 6 || total
-------------------------+-------+-------++-------
Melee: Dagger            |    10 |       ||    10
       Kick              |     9 |    20 ||    29
       Peck              |     6 |     6 ||    12
       Unarmed           |     1 |       ||     1
       Short sword       |     6 |       ||     6
       Spear             |    46 |    60 ||   106
 Cast: Summon Small Mamm |    19 |     4 ||    23
       Call Canine Famil |       |     5 ||     5
  Use: Potion            |     1 |       ||     1
 Stab: Distracted        |     1 |       ||     1
       Sleeping          |     7 |     4 ||    11
Armor: Robe              |     7 |    10 ||    17
       Skin              |     5 |       ||     5
Dodge: Dodged            |    31 |    46 ||    77
